 Dungeon Crawl Stone Soup version 0.27.1-4-g1640c2035a (webtiles) character file.

Game seed: 4041565414569162407

30 SeanCanFly the Caller (level 3, -2/24 HPs)
             Began as a Mummy Summoner on Nov 18, 2021.
             Killed from afar by Sigmund (6 damage)
             ... with a puff of flame
             ... on level 2 of the Dungeon.
             The game lasted 00:08:55 (2983 turns).

SeanCanFly the Caller (Mummy Summoner)              Turns: 2983, Time: 00:08:55

Health: -2/24      AC:  4    Str: 11    XL:     3   Next: 5%
Magic:  3/7        EV: 12    Int: 15    God:
Gold:   51         SH:  0    Dex: 12    Spells: 5/8 levels left

rFire    x . .     SeeInvis .   (no weapon)
rCold    + . .     Faith    .   (no shield)
rNeg     + + +     Spirit   .   a - +0 robe
rPois    ∞         Reflect  .   (no helmet)
rElec    .         Harm     .   g - +1 cloak
rCorr    .         Rampage  .   (no gloves)
Will     .....                  (no boots)
Stlth    ++........             (no amulet)
HPRegen  0.08/turn              (no ring)
MPRegen  0.10/turn              (no ring)

@: no status effects
A: cold resistance 1, negative energy resistance 3, torment resistance 2, heat
vulnerability 1, no potions
a: no special abilities


You were on level 2 of the Dungeon.
You visited 1 branch of the dungeon, and saw 2 of its levels.

You collected 51 gold pieces.

Inventory:

Armour
 a - a +0 robe (worn)
 b - a +0 cloak
 g - a +1 cloak (worn)
Scrolls
 d - a scroll of magic mapping {unknown}
 e - a scroll of identify {unknown}
 f - a scroll of enchant weapon {unknown}
Potions
 c - 2 potions of curing {unknown}


   Skills:
 + Level 1.7 Dodging
 - Level 1.5 Stealth
 + Level 3.2 Spellcasting
 * Level 3.8 Summonings


You had 5 spell levels left.
You knew the following spells:

 Your Spells              Type           Power      Damage    Failure   Level
a - Summon Small Mammal   Summ           56%        N/A       4%          1
b - Call Imp              Summ           14%        N/A       6%          2

Your spell library contained the following spells:

 Spells                   Type           Power      Damage    Failure   Level
 Call Canine Familiar     Summ           14%        N/A       12%         3
 Summon Guardian Golem    Hex/Summ       8%         N/A       26%         3
 Summon Lightning Spire   Summ/Air       8%         N/A       65%         4


Dungeon Overview and Level Annotations

Branches:
Dungeon (2/15)

Altars:

Shops:
D:2 :

Annotations:
D:2 Sigmund


Innate Abilities, Weirdness & Mutations

You are immune to poison.
Your flesh is cold resistant. (rC+)
You are immune to negative energy. (rN+++)
You are immune to unholy pain and torment.
You are vulnerable to heat. (rF-)
You do not drink.


Message History

Sigmund mumbles some strange words.
Sigmund flickers and vanishes!
Your crimson imp barely misses something.
Something hits your crimson imp!
Your crimson imp barely misses something.
Something barely misses your crimson imp.
Your crimson imp closely misses something.
You closely miss something.
Your crimson imp hits something.
You barely miss something.
You hear some strange, mumbled words.
A puff of flame appears from out of thin air!
The puff of flame misses you.
Your crimson imp barely misses something.
Something hits you. Something barely misses your white imp.
Your crimson imp disappears in a puff of smoke!
You are confused.
Are you sure you want to stumble around while confused and next to your white imp? [Y]es or [N]o only, please.
Are you sure you want to stumble around while confused and next to your white imp?
Okay, then.
Are you sure you want to stumble around while confused and next to your white imp?
A puff of flame appears from out of thin air!
The puff of flame hits your white imp!
Your white imp is burned terribly!
Your white imp dies!
You feel less confused.
You are confused.
You bump into the rock wall.
Something tries to affect you, but you resist.
You bump into the rock wall.
You bump into the rock wall.
You bump into the rock wall.
You feel less confused. Something hits you!
* * * LOW HITPOINT WARNING * * *
Something hits you but does no damage.
A puff of flame appears from out of thin air!
The puff of flame hits you. The fire burns you terribly!
You die...

### ..# #. #.# #.# #.#
#.# #.# #.#
######.########### #.#
#....♣....@...{..# ##.##
#.##...#########.#
#...###.##♣∩♣#########.#
..#.....# #..##..5...#.#
....##### #♣.##.####.#.#
.#.#########.##.# #.#.#
.#.............5# #.#.#
.#####.##########
##.#.####### .# #.#
#.....>..... #


There were no monsters in sight!

Vanquished Creatures
  An adder (D:2)
  2 giant cockroaches (D:1)
  A goblin (D:2)
  2 jackals (D:1)
  A kobold (D:1)
  A ball python (D:1)
  A frilled lizard (D:2)
  2 rats (D:1)
11 creatures vanquished.

Vanquished Creatures (collateral kills)
  3 endoplasms
  A giant cockroach (D:2)
  2 goblins (D:1)
  3 hobgoblins (D:1)
  A jackal (D:1)
  A quokka (D:1)
  A ball python (D:1)
  4 frilled lizards (D:1)
  3 kobolds
19 creatures vanquished.

Grand Total: 30 creatures vanquished

Notes
Turn   | Place    | Note
-------+----------+-------------------------------------------
     0 | D:1      | SeanCanFly the Mummy Summoner began the quest for the Orb.
     0 | D:1      | Reached XP level 1. HP: 13/13 MP: 4/4
   653 | D:1      | Reached XP level 2. HP: 16/19 MP: 3/5
  2198 | D:2      | Found Yjotaic's Book Shoppe.
  2553 | D:2      | Learned a level 2 spell: Call Imp
  2567 | D:2      | Reached XP level 3. HP: 24/24 MP: 1/7
  2708 | D:2      | Noticed Sigmund
  2983 | D:2      | Killed from afar by Sigmund

Illustrated notes

Levels and vault maps discovered:
D:1:      eino_arrival_water_cross, layout_basic, chequers_serial_rivers_micro_c
D:2:      layout_loops_ring, serial_shops, nicolae_shop_trees, uniq_sigmund,
          uniq_jessica

Skill      XL: |  1  2 |
---------------+-------+-----
Spellcasting   | 3 |  3.2
Dodging        | |  1.7
Stealth        | |  1.5
Summonings     | |  3.8

Action                   || total
-------------------------++-------
Melee: Unarmed           ||   115
 Cast: Summon Small Mamm ||    38
       Call Imp          ||    17
 Stab: Distracted        ||     1
       Sleeping          ||     1
Armor: Robe              ||    41
Dodge: Dodged            ||    75
